Map: Romanticide LE

Players

ViBE - Winner!

  • Race: Protoss Protoss
  • League: Silver
  • Spawn Location: 5:00

Ruvix

  • Race: Zerg Zerg
  • Spawn Location: 11:00

VOD

https://youtu.be/lYIbd1_pE38?list=PLFeZeom2b4DnD3FIu7pzkXl51JX_WWz2h&t=3929

Description

Zerg wall block & anti-air protection

Time

  • Played on: March 13, 2021, 6:50 p.m.
  • Length: 16:13
Show
View Real Time Build Order
Export as new Build Order

ViBE Protoss - Winner!

Build Orders: 1 Gate Expand, Archon Immortal 

Get SALT Encoding   

  12  0:00  Probe  
  13  0:13  Probe  
  14  0:25  Probe  
  14  0:26  Pylon  
  15  0:44  Probe  
  15  0:49  Gateway  
  16  0:56  Probe (Chrono Boost)  
  17  0:58  Assimilator  
  17  1:08  Probe (Chrono Boost)  
  18  1:13  Probe (Chrono Boost)  
  19  1:25  Nexus  
  19  1:32  Probe  
  20  1:37  Cybernetics Core  
  20  1:52  Probe  
  21  1:55  Pylon  
  21  1:59  Assimilator  
  21  2:04  Probe  
  22  2:15  Stalker  
  22  2:16  Shield Battery, Probe  
  25  2:28  Probe  
  25  2:33  Warp Gate  
  25  2:37  Probe  
  25  2:40  Probe  
  27  2:47  Stalker  
  27  2:49  Probe  
  30  2:53  Probe  
  31  3:01  Probe  
  31  3:05  Probe  
  33  3:09  Gateway  
  33  3:14  Robotics Facility, Probe  
  33  3:17  Probe  
  35  3:26  Probe  
  36  3:29  Probe  
  37  3:38  Probe  
  39  3:41  Probe  
  39  3:50  Probe (Chrono Boost)  
  39  3:53  Stalker  
  39  3:54  Probe (Chrono Boost)  
  43  4:02  Probe (Chrono Boost)  
  44  4:06  Pylon, Probe (Chrono Boost)  
  44  4:09  Pylon  
  45  4:10  Probe (Chrono Boost)  
  45  4:11  Pylon  
  46  4:19  Assimilator x2  
  46  4:24  Probe x2, Observer  
  49  4:36  Probe  
  50  4:38  Stalker  
  50  4:39  Stalker  
  54  4:59  Nexus  
  54  5:03  Pylon, Stalker x2  
  54  5:04  Immortal  
  54  5:05  Probe x2  
  64  5:07  Pylon  
  64  5:15  Pylon  
  64  5:19  Pylon  
  64  5:35  Stalker  
  66  5:37  Stalker  
  68  5:47  Probe (Chrono Boost)  
  68  5:48  Probe (Chrono Boost)  
  70  5:50  Immortal  
  74  5:59  Probe (Chrono Boost)  
  74  6:00  Probe (Chrono Boost)  
  76  6:06  Probe x2 (Chrono Boost)  
  78  6:13  Probe  
  78  6:14  Probe  
  80  6:20  Probe  
  81  6:25  Probe  
  81  6:26  Probe  
  83  6:37  Gateway  
  83  6:38  Gateway  
  83  6:40  Gateway  
  83  6:42  Gateway  
  83  6:48  Stalker  
  83  6:49  Stalker  
  83  6:50  Immortal  
  83  6:51  Probe x2  
  83  6:52  Probe  
  94  7:03  Probe x2  
  94  7:05  Probe  
  95  7:15  Probe  
  96  7:16  Probe  
  96  7:17  Stalker, Probe  
  96  7:18  Stalker  
  96  7:21  Nexus  
  96  7:22  Pylon  
  102  7:26  Pylon  
  102  7:27  Probe, Assimilator  
  102  7:28  Probe  
  102  7:29  Immortal, Probe, Assimilator  
  109  7:30  Forge  
  109  7:31  Forge  
  109  7:35  Twilight Council  
  109  7:39  Probe (Chrono Boost)  
  109  7:40  Probe (Chrono Boost)  
  109  7:43  Pylon, Probe (Chrono Boost)  
  112  7:47  Pylon  
  114  7:52  Probe x2 (Chrono Boost)  
  114  7:54  Probe (Chrono Boost)  
  114  7:57  Probe (Chrono Boost)  
  114  7:58  Stalker  
  118  7:59  Stalker x2  
  118  8:00  Stalker x2  
  118  8:03  Stalker  
  128  8:08  Probe x3  
  131  8:16  Protoss Shields Level 1 (Chrono Boost), Protoss Ground Weapons Level 1 (Chrono Boost)  
  131  8:20  Probe x2  
  131  8:21  Probe  
  131  8:22  Templar Archives  
  134  8:30  Gateway x2  
  134  8:39  Gateway  
  134  8:40  Gateway  
  134  8:43  Gateway  
  134  8:47  Stalker x2  
  134  8:48  Stalker x2  
  140  8:49  Stalker x2  
  140  8:50  Immortal  
  140  8:51  Probe  
  140  8:52  Probe x2  
  153  9:03  Assimilator  
  153  9:05  Assimilator  
  153  9:09  Nexus  
  153  9:10  Pylon  
  153  9:13  Pylon  
  153  9:21  Probe  
  153  9:22  Probe  
  153  9:23  Probe  
  156  9:26  High Templar x2  
  156  9:27  High Templar x2  
  156  9:28  High Templar  
  156  9:29  High Templar  
  156  9:30  Immortal  
  172  9:33  High Templar  
  172  9:34  High Templar  
  172  9:38  Archon x2  
  176  9:39  Archon x2  
  176  9:54  Pylon  
  176  9:56  Pylon  
  176  9:58  Pylon  
  176  10:08  Stalker  
  176  10:09  Stalker  
  176  10:13  Immortal  
  184  10:17  Stalker x2  
  184  10:18  Stalker x2  
  184  10:19  Stalker x2  
  184  10:20  Stalker x2, Protoss Ground Weapons Level 2 (Chrono Boost)  
  184  10:21  Protoss Shields Level 2 (Chrono Boost)  
  199  10:42  Probe x5  
  199  10:46  Photon Cannon  
  199  10:47  Photon Cannon  
  199  10:49  Shield Battery  
  198  10:54  Probe x2  
  198  10:55  Photon Cannon  
  197  11:10  Probe  
  197  11:11  Probe x4  
  199  11:18  Photon Cannon  
  198  11:19  Shield Battery  
  198  11:23  Photon Cannon  
  195  11:26  Photon Cannon  
  195  11:27  Shield Battery  
  195  11:28  Probe x5  
  195  11:32  Photon Cannon  
  197  11:34  Photon Cannon  
  197  11:36  Shield Battery  
  197  11:37  Photon Cannon  
  193  11:40  Photon Cannon, Probe x3  
  193  11:43  Shield Battery  
  196  11:49  Nexus  
  196  11:50  Probe  
  196  11:51  Pylon, Probe  
  196  11:52  Probe  
  196  11:53  Probe  
  200  11:55  Pylon  
  200  12:35  Protoss Ground Weapons Level 3 (Chrono Boost)  
  200  12:36  Protoss Shields Level 3 (Chrono Boost)  
  200  12:50  Robotics Facility  
  200  12:51  Gateway  
  200  12:52  Gateway  
  200  12:54  Gateway  
  200  12:57  Gateway  
  200  12:59  Gateway  
  200  13:01  Gateway  
  200  13:03  Gateway  
  200  13:05  Gateway  
  200  13:07  Gateway  
  200  13:11  Gateway  
  200  13:17  Gateway  
  200  13:19  Gateway  
  196  13:58  Photon Cannon  
  196  14:08  Photon Cannon  
  196  14:28  Photon Cannon  
  191  15:05  Photon Cannon  
  191  15:15  Photon Cannon  
  191  15:31  Photon Cannon  
  191  15:42  Photon Cannon x2  
  191  15:59  Photon Cannon x2  
  191  16:01  Photon Cannon  
Show
View Real Time Build Order
Export as new Build Order

Ruvix Zerg 

Build Orders: Pool First, Muta Ling Bane 

Get SALT Encoding   

  12  0:18  Spawning Pool  
  11  0:21  Drone  
  11  0:26  Drone  
  13  0:35  Overlord  
  13  0:40  Extractor  
  13  0:42  Drone  
  13  0:47  Drone  
  14  1:03  Drone  
  15  1:07  Drone  
  15  1:10  Queen  
  18  1:20  Zergling x2  
  19  1:30  Zergling x2  
  20  1:35  Extractor  
  20  1:37  Drone  
  20  1:47  Metabolic Boost  
  20  1:50  Drone  
  21  2:00  Drone  
  22  2:16  Overlord  
  21  2:30  Hatchery  
  21  2:32  Zergling x2  
  21  2:34  Overlord  
  21  2:36  Zergling x2  
  23  2:37  Zergling x2  
  23  2:49  Zergling x2  
  24  2:59  Lair  
  24  3:02  Zergling x6  
  27  3:13  Baneling Nest  
  26  3:32  Drone x3  
  29  3:45  Drone  
  30  3:56  Drone  
  30  4:19  Pneumatized Carapace  
  30  4:31  Spire  
  30  4:33  Drone x3  
  30  4:35  Hatchery  
  31  4:39  Drone  
  31  4:43  Overlord  
  32  5:02  Overlord  
  32  5:03  Drone  
  32  5:04  Drone x3  
  36  5:21  Drone x3  
  36  5:23  Queen  
  41  5:32  Infestation Pit  
  40  5:42  Zergling x10  
  45  5:49  Drone x2  
  46  6:08  Mutalisk  
  46  6:09  Mutalisk  
  50  6:13  Centrifical Hooks  
  50  6:17  Neural Parasite  
  50  6:23  Hive  
  50  6:30  Overlord x2  
  50  6:35  Extractor  
  50  6:37  Extractor  
  48  6:43  Mutalisk  
  50  6:49  Overseer  
  44  7:11  Zergling x16  
  52  7:22  Roach Warren  
  51  7:33  Drone x2  
  51  7:34  Drone  
  54  7:45  Drone x5  
  54  7:46  Drone  
  60  8:09  Queen  
  62  8:14  Mutalisk x3  
  68  8:28  Overlord x5  
  68  8:37  Baneling x2  
  68  8:38  Baneling x4  
  68  8:43  Greater Spire  
  68  8:44  Queen  
  70  8:51  Spore Crawler  
  69  8:56  Spore Crawler  
  68  9:05  Glial Reconstitution  
  68  9:09  Viper  
  68  9:12  Infestor  
  73  9:20  Queen  
  75  9:42  Roach x6  
  87  9:49  Evolution Chamber  
  87  9:50  Evolution Chamber x2  
  84  9:58  Overseer  
  84  10:14  Extractor  
  83  10:15  Extractor  
  82  10:23  Tunneling Claws  
  82  11:44  Overlord x4  
  82  11:45  Overlord x5  
  82  11:56  Zerg Melee Weapons Level 1  
  82  11:57  Zerg Missile Weapons Level 1  
  82  11:59  Zerg Ground Armor Level 1  
  82  12:02  Corruptor x3  
  88  12:11  Overseer  
  88  12:30  Roach x3  
  88  12:31  Roach x6  
  106  13:24  Adrenal Glands  
  105  14:00  Roach x6  
  110  14:06  Zergling x10  
  110  14:07  Zergling x8  
Tags
 
Add a new tag
Caveats
  • Supply blocks, unpowered buildings, or Contaminate may cause inaccurate times.
  • Supply counts are checked every 10 seconds.